 Dungeon Crawl Stone Soup version 0.17-a0-1882-g750edc8 (webtiles) character file.

91 Banto the Chucker (level 4, -1/44 HPs)
             Began as an Ogre Hunter on Sept 22, 2015.
             Shot with an arrow of flame by a centaur (2 damage)
             ... on level 3 of the Dungeon.
             The game lasted 00:03:48 (2375 turns).

Banto the Chucker (Ogre Hunter)                     Turns: 2375, Time: 00:03:48

Health: -1/44      AC:  3    Str: 17    XL:     4   Next: 57%
Magic:  4/4        EV:  5    Int: 10    God:
Gold:   96         SH:  0    Dex: 11    Spells: 0 memorised, 3 levels left

rFire  . . .     SeeInvis .     i - +2 short sword (elec)
rCold  . . .     Clarity  .     d - +0 robe
rNeg   . . .     SustAt   .     (no shield)
rPois  .         Gourm    .     (helmet restricted)
rElec  .         Spirit   .     (no cloak)
rCorr  .         Warding  .     (gloves unavailable)
rMut   .         Rnd*Tele +     (boots unavailable)
MR     .....                    (no amulet)
Stlth  ..........               j - ring of loudness (curse)
                                g - ring of teleportation (curse)

@: not resistant to hostile enchantments, extremely unstealthy
A: unfitting armour, tough skin 1
a: Evoke Teleportation


You were on level 3 of the Dungeon.
You were hungry.

You visited 1 branch of the dungeon, and saw 3 of its levels.

You collected 96 gold pieces.

Inventory:

Hand weapons
 i - a +2 short sword of electrocution (weapon)
Missiles
 b - 2 throwing nets
 l - 5 large rocks (quivered)
Armour
 d - a +0 robe (worn)
Jewellery
 g - a cursed ring of teleportation (left hand)
 j - a cursed ring of loudness (right hand)
Scrolls
 f - 2 scrolls of enchant weapon
 h - a scroll of noise
Potions
 c - a potion of lignification {unknown}
 m - a potion of curing
Comestibles
 a - a meat ration
 e - 2 bread rations


   Skills:
 - Level 2.6 Fighting
 + Level 6.4 Throwing
 - Level 1.7 Dodging
 - Level 0.7 Stealth


You had 3 spell levels left.
You didn't know any spells.

Dungeon Overview and Level Annotations

Branches:
Dungeon (3/15)

Altars:
Qazlal

Annotations:
D:3 Grinder


Innate Abilities, Weirdness & Mutations

You are too large for most types of armour.
You have tough skin (AC +1).


Message History

HP restored.
You climb downwards.
A rat, an orc and Grinder come into view.
Grinder shouts!
The orc shouts!
The orc wizard shouts!
The centaur shoots an arrow of flame.
The arrow of flame hits you! The arrow of flame burns you.
Found 4 gold pieces and a metal-bound book.
Found a stone staircase leading up.
There is a stone staircase leading up here.
You see here an arrow of flame.
The centaur shoots an arrow of flame.
The arrow of flame hits you! The arrow of flame burns you.
The centaur shoots an arrow of flame.
The arrow of flame hits you!
* * * LOW HITPOINT WARNING * * *
The arrow of flame burns you.
* * * LOW HITPOINT WARNING * * *
The centaur shoots an arrow of flame.
The arrow of flame hits you!
* * * LOW HITPOINT WARNING * * *
The arrow of flame burns you.
You die...

#. #.......... #.
..o....... #.###
.........< #.<(.
..:............S##
.....$..........#
#................
#.....o...$......
#@...r....o.......
#.5......o........
#...o..c.c........
#...o....
#........
#........
#........
#........


You could see Grinder, a centaur, an orc wizard, 3 orcs and a rat.

Vanquished Creatures
  4 adders (D:2)
  An ooze (D:1)
  A giant cockroach (D:1)
  12 goblins
  8 hobgoblins
  A jackal (D:1)
  4 kobolds
  5 bats
  2 giant geckos (D:1)
  3 giant newts
  6 rats
47 creatures vanquished.

Notes
Turn   | Place    | Note
--------------------------------------------------------------
     0 | D:1      | Banto the Ogre Hunter began the quest for the Orb.
     0 | D:1      | Reached XP level 1. HP: 22/22 MP: 1/1
   127 | D:1      | Reached XP level 2. HP: 10/29 MP: 2/2
   489 | D:1      | Reached skill level 5 in Throwing
   681 | D:1      | Reached XP level 3. HP: 14/36 MP: 3/3
  1230 | D:2      | Found a stormy altar of Qazlal.
  1599 | D:2      | Reached skill level 6 in Throwing
  1599 | D:2      | Reached XP level 4. HP: 11/44 MP: 4/4
  1603 | D:2      | HP: 2/44 [adder (3)]
  1611 | D:2      | HP: 2/44 [poisoned by an adder]
  2256 | D:3      | Noticed a centaur
  2373 | D:3      | Noticed Grinder
  2375 | D:3      | HP: 1/44 [centaur/arrow of flame (7)]
  2375 | D:3      | Shot with an arrow of flame by a centaur

Vault maps used:
D:1:      lightli_arrival_lavapool, hangedman_decor_points, serial_bayou_pond_b
D:2:      nicolae_overflow_crystal_walls
D:3:      uniq_grinder

Action                   |  1- 3 |  4- 6 || total
-------------------------+-------+-------++-------
Melee: Short sword       |   168 |    15 ||   183
       Hand axe          |     6 |       ||     6
Throw: Large rock        |     6 |     5 ||    11
  Use: Scroll            |     7 |       ||     7
  Eat: Chunk             |     2 |     2 ||     4
